 Dungeon Crawl Stone Soup version 0.30-a0-359-gd0147acb1a (webtiles) character file.

Game seed: 3946126328202061518

348 NinjaNoafa the Slasher (level 6, 0/51 HPs)
             Began as a Gnoll Wanderer on Nov 11, 2022.
             Succumbed to an orc's poison
             ... on level 4 of the Dungeon.
             The game lasted 00:05:46 (4828 turns).

NinjaNoafa the Slasher (Gnoll Wanderer)             Turns: 4828, Time: 00:05:47

Health: 0/51       AC:  6    Str:  9    XL:     6   Next: 60%
Magic:  10/11      EV: 12    Int: 15    God:
Gold:   233        SH:  0    Dex: 12    Spells: 11/12 levels left

rFire   . . .      SeeInvis .    a - +3 falchion
rCold   . . .      Faith    .    (no shield)
rNeg    . . .      Spirit   +    p - +2 robe
rPois   .          Reflect  .    o - +0 helmet
rElec   .          Harm     .    (no cloak)
rCorr   .          Rampage  .    (no gloves)
Will    .....                    w - +0 pair of boots
Stlth   ++........               k - amulet of guardian spirit
HPRegen 0.28/turn                (no ring)
MPRegen 0.12/turn                (no ring)

@: lethally poisoned (0 -> -34), attractive, hasted, very quick
A: fangs 1, strong nose, distributed training
a: no special abilities


You were on level 4 of the Dungeon.
You visited 1 branch of the dungeon, and saw 4 of its levels.

You collected 233 gold pieces.

Inventory:

Hand Weapons
 a - a +3 falchion (weapon)
Missiles
 c - 6 poisoned darts
 f - 46 stones
Armour
 o - a +0 helmet (worn)
 p - a +2 robe (worn)
 w - a +0 pair of boots (worn)
Jewellery
 e - a ring of ice
 k - an amulet of guardian spirit (around neck)
Scrolls
 g - a scroll of amnesia {unknown}
 h - 2 scrolls of vulnerability {unknown}
 i - 3 scrolls of enchant armour {unknown}
 l - a scroll of identify {unknown}
 m - 3 scrolls of magic mapping {unknown}
 n - a scroll of immolation {unknown}
 q - 3 scrolls of poison {unknown}
 r - a scroll of fog {unknown}
 s - a scroll of summoning {unknown}
Potions
 b - a potion of lignification
 t - a potion of attraction
 u - a potion of ambrosia {unknown}
 v - a potion of curing {unknown}


   Skills:
 + Level 5.0 Fighting
 + Level 2.1 Short Blades
 + Level 5.0 Long Blades
 + Level 2.1 Axes
 + Level 2.1 Maces & Flails
 + Level 2.1 Polearms
 + Level 2.1 Staves
 + Level 2.1 Ranged Weapons
 + Level 2.1 Throwing
 + Level 2.1 Armour
 + Level 3.3 Dodging
 + Level 2.1 Stealth
 + Level 2.1 Shields
 + Level 2.1 Unarmed Combat
 + Level 3.5 Spellcasting
 + Level 4.1 Conjurations
 + Level 1.6 Hexes
 + Level 1.6 Summonings
 + Level 1.6 Necromancy
 + Level 1.6 Translocations
 + Level 1.6 Transmutations
 + Level 1.6 Fire Magic
 + Level 1.6 Ice Magic
 + Level 1.6 Air Magic
 + Level 1.6 Earth Magic
 + Level 1.6 Poison Magic
 + Level 3.5 Invocations
 + Level 3.3 Evocations


You had 11 spell levels left.
You knew the following spells:

 Your Spells              Type           Power      Damage    Failure   Level
a - Foxfire               Conj/Fire      44%        2x1d6     6%          1

Your spell library contained the following spells:

 Spells                   Type           Power      Damage    Failure   Level
 Slow                     Hex            28%        N/A       10%         1
 Sublimation of Blood     Necr           7%         N/A       14%         2
 Wereblood                Tmut           7%         N/A       14%         2
 Dazzling Flash           Conj/Hex       22%        N/A       17%         3
 Call Canine Familiar     Summ           7%         N/A       28%         3
 Confusing Touch          Hex            7%         N/A       28%         3
 Inner Flame              Hex/Fire       7%         N/A       28%         3
 Portal Projectile        Hex/Tloc       14%        N/A       28%         3
 Vampiric Draining        Necr           7%         2d6       28%         3
 Cause Fear               Hex            3%         N/A       67%         4
 Leda's Liquefaction      Hex/Erth       3%         N/A       67%         4
 Summon Hydra             Summ           3%         N/A       100%        7
 Discord                  Hex            3%         N/A       100%        8


Dungeon Overview and Level Annotations

Branches:
Dungeon (4/15)
 Temple: D:4-7

Altars:
Hepliaklqana
Wu Jian


Innate Abilities, Weirdness & Mutations

You have very sharp teeth.
Your uncanny sense of smell can sniff out nearby items.
Your experience applies equally to all skills.


Message History

a +0 dagger; a +0 leather armour; an orc corpse You barely miss the orc.
You bite the orc, but do no damage.
The orc is moderately wounded.
The orc hits you with a +0 hand axe. The orc hits you but does no damage.
You are poisoned.
You hit the orc.
The orc is almost dead.
You feel sick. The orc hits you but does no damage. x2
You are more poisoned.
You hit the orc.
You kill the orc!
You feel very sick. The orc hits you but does no damage.
You are more poisoned.
The orc hits you but does no damage.
You are more poisoned.
You conjure some foxfire!
You feel very sick. The orc closely misses you.
You feel very sick.
The foxfire hits the orc.
The orc is lightly wounded.
The foxfire hits the orc.
The orc is almost dead.
The orc hits you but does no damage.
You are lethally poisoned!
Items here: ))) [[ †.
It was a potion of attraction.
You feel attractive to monsters.
You feel very sick. The orc hits you but does no damage.
You are more poisoned.
It was a potion of magic.
Magic courses through your body.
* * * LOW HITPOINT WARNING * * *
You feel extremely sick.
The orc hits you with a +2 dagger of venom.
* * * LOW HITPOINT WARNING * * *
You are more poisoned.
It was a potion of haste.
You feel yourself speed up.
You die...

........................
..........o.............
........................
.....##'#####...)...####
######......#.......#
#.......#)......#
#.......).......#
##+###..#.......#
#..##o@######....
#.....)..# .....
#........# .....
#..###'### .. ##..###..#
#........## +...).....#
#..<......# ###########


You could see an orc.

Vanquished Creatures
  A scorpion (D:4)
  Terence (D:2)
  Jessica (D:2)
  2 orc wizards
  Robin (D:2)
  4 gnolls (D:4)
  4 adders
  3 worms
  6 orcs
  3 ball pythons
  6 endoplasms
  2 giant cockroaches
  18 goblins
  5 hobgoblins
  3 jackals (D:2)
  11 kobolds
  2 quokkas
  5 bats
  4 frilled lizards
  7 rats
89 creatures vanquished.

Vanquished Creatures (others)
  292 foxfires
292 creatures vanquished.

Grand Total: 381 creatures vanquished

Notes
Turn   | Place    | Note
-------+----------+-------------------------------------------
     0 | D:1      | NinjaNoafa the Gnoll Wanderer began the quest for the Orb.
     0 | D:1      | NinjaNoafa set off with the following items: a +3 falchion,
                  | a potion of lignification, a +0 robe; and the following
                  | spell memorised: Foxfire; and the following spells
                  | available to memorise: Dazzling Flash.
     0 | D:1      | Reached XP level 1. HP: 20/20 MP: 4/4
   255 | D:1      | Reached XP level 2. HP: 26/26 MP: 5/5
   842 | D:1      | Reached XP level 3. HP: 31/31 MP: 4/7
  1559 | D:2      | Noticed Robin
  1584 | D:2      | Reached skill level 1 in Short Blades
  1584 | D:2      | Reached skill level 1 in Axes
  1584 | D:2      | Reached skill level 1 in Maces & Flails
  1584 | D:2      | Reached skill level 1 in Polearms
  1584 | D:2      | Reached skill level 1 in Staves
  1584 | D:2      | Reached skill level 1 in Ranged Weapons
  1584 | D:2      | Reached skill level 1 in Throwing
  1584 | D:2      | Reached skill level 1 in Armour
  1584 | D:2      | Reached skill level 1 in Stealth
  1584 | D:2      | Reached skill level 1 in Shields
  1584 | D:2      | Reached skill level 1 in Unarmed Combat
  1588 | D:2      | Killed Robin
  1590 | D:2      | Reached XP level 4. HP: 25/38 MP: 0/8
  1756 | D:2      | Reached skill level 1 in Hexes
  1756 | D:2      | Reached skill level 1 in Summonings
  1756 | D:2      | Reached skill level 1 in Necromancy
  1756 | D:2      | Reached skill level 1 in Translocations
  1756 | D:2      | Reached skill level 1 in Transmutations
  1756 | D:2      | Reached skill level 1 in Fire Magic
  1756 | D:2      | Reached skill level 1 in Ice Magic
  1756 | D:2      | Reached skill level 1 in Air Magic
  1756 | D:2      | Reached skill level 1 in Earth Magic
  1756 | D:2      | Reached skill level 1 in Poison Magic
  2338 | D:2      | Noticed Terence
  2355 | D:2      | Killed Terence
  2356 | D:2      | Reached XP level 5. HP: 30/43 MP: 0/9
  3030 | D:2      | Noticed Jessica
  3039 | D:2      | Killed Jessica
  3314 | D:3      | Found a faded altar of an unknown god.
  3318 | D:3      | Found a hazy altar of Hepliaklqana.
  4297 | D:3      | Found an ornate altar of the Wu Jian Council.
  4446 | D:3      | Identified the +3 robe of Vyup {rElec}
  4565 | D:4      | Reached XP level 6. HP: 50/50 MP: 4/11
  4579 | D:4      | Reached skill level 5 in Fighting
  4579 | D:4      | Reached skill level 5 in Long Blades
  4828 | D:4      | Succumbed to an orc's poison

Illustrated notes

Levels and vault maps discovered:
D:1:      spicycebolla_arrival_xxxplode, layout_loops_corners, minmay_tall_x
D:2:      layout_loops_corners, minivault_4, chequers_serial_rivers_large_b,
          uniq_terence, uniq_robin, uniq_jessica
D:3:      layout_basic, nicolae_hepliaklqana_hazy_memory,
          nicolae_wu_jian_immortal_techniques, basic_ecumenical_altar,
          chequers_garden
D:4:      layout_gridville, minmay_temple_entry_mist, serial_forest,
          infiniplex_forest_straight_1, infiniplex_forest_lined_room_,
          infiniplex_forest_clump_curved, infiniplex_forest_clump_double,
          infiniplex_forest_lined_corner

Skill      XL: |  1  2  3  4  5  6 |
---------------+-------------------+-----
Short Blades   | 1 2 |  2.1
Axes           | 1 2 |  2.1
Maces & Flails | 1 2 |  2.1
Polearms       | 1 2 |  2.1
Staves         | 1 2 |  2.1
Ranged Weapons | 1 2 |  2.1
Throwing       | 1 2 |  2.1
Armour         | 1 2 |  2.1
Stealth        | 1 2 |  2.1
Shields        | 1 2 |  2.1
Unarmed Combat | 1 2 |  2.1
Spellcasting   | 3 |  3.5
Hexes          | 1 |  1.6
Summonings     | 1 |  1.6
Necromancy     | 1 |  1.6
Translocations | 1 |  1.6
Transmutations | 1 |  1.6
Fire Magic     | 1 |  1.6
Ice Magic      | 1 |  1.6
Air Magic      | 1 |  1.6
Earth Magic    | 1 |  1.6
Poison Magic   | 1 |  1.6
Invocations    | 3 |  3.5
Dodging        | 3 |  3.3
Evocations     | 3 |  3.3
Conjurations   | 4 |  4.1
Fighting       | 5 |  5.0
Long Blades    | 5 |  5.0

Action                   |  1- 3 |  4- 6 || total
-------------------------+-------+-------++-------
Melee: Falchion          |    36 |    61 ||    97
       Bite              |     5 |     6 ||    11
 Cast: Foxfire           |    45 |   160 ||   205
  Use: Potion            |       |     3 ||     3
Armor: Robe              |     9 |    34 ||    43
Dodge: Dodged            |    41 |    56 ||    97

Table legend: (Time is in decaauts)
 A = Elapsed time spent in this place.
 B = Non-inter-level travel time spent in this place.
 C = Inter-level travel time spent in this place.
 D = Time resting spent in this place.
 E = Time spent auto-exploring this place.
 F = Levels seen in this place.
 G = Mean time per level.
                   A        B        C        D        E       F      G
               +--------+--------+--------+--------+--------+-----+--------+
         Total |   4860 |   4612 |    248 |      0 |   3888 |   4 | 1215.0 |
       Dungeon |   4860 |   4612 |    248 |      0 |   3888 |   4 | 1215.0 |
               +--------+--------+--------+--------+--------+-----+--------+

Top non-repeatable levels by time:
     D:2: 2009 daAuts
     D:1: 1295 daAuts
     D:3: 1225 daAuts
     D:4: 330 daAuts
